 Dungeon Crawl Stone Soup version 0.24.0-41-g2ae2f7f1be (webtiles) character file.

Game seed: 2159592694416421499, levelgen mode: deterministic

2621 Devinter the Covert (level 9, -4/54 HPs)
             Began as a Kobold Assassin on Dec 8, 2019.
             Slain by a wight
             ... wielding a +0 morningstar
              (9 damage)
             ... on level 7 of the Dungeon on Dec 9, 2019.
             The game lasted 01:00:42 (9296 turns).

Devinter the Covert (Kobold Assassin)               Turns: 9296, Time: 01:00:43

Health: -4/54      AC:  3    Str:  8    XL:     9   Next: 91%
Magic:  0/9        EV: 19    Int: 13    God:
Gold:   366        SH:  6    Dex: 19    Spells: 8/8 levels left

rFire    . . .     SeeInvis .   a - +2 dagger
rCold    . . .     Gourm    .   x - +0 buckler
rNeg     . . .     Faith    .   b - +0 robe
rPois    +         Spirit   +   (no helmet)
rElec    .         Reflect  .   P - scarf {Spirit}
rCorr    .         Harm     .   (no gloves)
MR       +....                  M - +0 pair of boots
Stlth    ++++......             v - amulet of rage
HPRegen  0.18/turn              D - ring of poison resistance
MPRegen  0.11/turn              o - ring of protection from magic

@: berserk cooldown, slowed, drained, very slow
A: small, carnivore
a: Evoke Berserk Rage


You were on level 7 of the Dungeon.
You were full.

You visited 1 branch of the dungeon, and saw 7 of its levels.
You also visited: Sewer.

You collected 366 gold pieces.

Inventory:

Hand Weapons
 a - a +2 dagger (weapon)
 y - a +2 dagger of electrocution
 I - the cursed +1 hunting sling "Dionil" {venom, rN+ SInv}
   (You found it on level 4 of the Dungeon)

   It poisons the ammo it fires.
   It protects you from negative energy.
   It lets you see invisible.
   It has a curse placed upon it.
 K - a +1 shortbow of velocity
 L - a +0 long sword
Missiles
 d - 3 poisoned darts (quivered)
 e - 2 curare-tipped darts
 i - 41 bolts
 t - 120 arrows
 A - 4 boomerangs
 O - a throwing net
Armour
 b - a +0 robe (worn)
 c - a +0 cloak
 x - a +0 buckler (worn)
 M - a +0 pair of boots (worn)
 P - a scarf of spirit shield (worn)
Jewellery
 n - an uncursed ring of positive energy
 o - a ring of protection from magic (right hand)
 v - an amulet of rage (around neck)
 D - a ring of poison resistance (left hand)
 J - an uncursed amulet of the acrobat
Wands
 H - a wand of random effects (12)
Scrolls
 h - 2 scrolls of teleportation {unknown}
 j - a scroll of enchant weapon {unknown}
 p - a scroll of immolation {unknown}
 B - a scroll of amnesia
 E - 2 scrolls of remove curse
 F - a scroll of enchant armour {unknown}
 G - a scroll of blinking {unknown}
Potions
 g - 2 potions of resistance {unknown}
 k - 3 potions of lignification {unknown}
 l - a potion of haste {unknown}
 m - 2 potions of flight {unknown}
 q - a potion of degeneration {unknown}
 r - 2 potions of agility {unknown}
 s - 2 potions of brilliance {unknown}
 u - a potion of mutation {unknown}
 w - 2 potions of curing {unknown}
 z - 2 potions of cancellation {unknown}
 C - 2 potions of experience {unknown}
 N - a potion of berserk rage {unknown}
 Q - a potion of invisibility {unknown}
Comestibles
 f - 15 rations


   Skills:
 - Level 5.0(4.3) Fighting
 + Level 9.2(8.4) Short Blades
 - Level 5.0(4.3) Throwing
 + Level 6.4(5.7) Dodging
 + Level 9.4(8.6) Stealth
 + Level 3.8(3.2) Shields


You had 8 spell levels left.
You didn't know any spells.
Your spell library was empty.

Dungeon Overview and Level Annotations

Branches:
Dungeon (7/15)              Sewer (visited)
 Temple: D:4-7

Altars:
Uskayaw
Wu Jian
Xom

Annotations:
D:6 2 transporters


Innate Abilities, Weirdness & Mutations

You are small and have problems with some larger weapons.
You are carnivorous and can eat meat at any time.


Message History

a +2 dagger of electrocution; a +0 robe
y - a +2 dagger of electrocution The wight hits you from afar with a +3 trident.
As you read the scroll labeled HYDOCICAID, it crumbles to dust.
You feel blessed for a moment.
It was a scroll of remove curse.
The wight hits you from afar with a +3 trident!
* * * LOW HITPOINT WARNING * * *
You feel drained.
* * * LOW HITPOINT WARNING * * *
As you read the scroll labeled ZIDEHE LIUTHRI, it crumbles to dust.
It is a scroll of amnesia.
You feel forgetful for a moment.
The wight hits you from afar with a +3 trident!
* * * LOW MAGIC WARNING * * *;
* * * LOW HITPOINT WARNING * * *
You feel drained.
* * * LOW HITPOINT WARNING * * *
The wight closely misses you. The wight misses you.
The wight hits you with a +0 morningstar!
* * * LOW MAGIC WARNING * * *
You die...

#.......(...........#..
#........(.........
#............#
#............#
#.............
##............
##...........
#...).z.....
####@zz..... #...z.....
#.(....... #.........
#.!....... #.........
##....(... #........
.......


You could see 4 wights.

Vanquished Creatures
  Grinder (D:3)
  A hippogriff (D:6)
  Sigmund (D:3)
  Duvessa (D:7)
  2 ogres
  4 centaurs
  A crocodile (Sewer)
  4 bullfrogs (D:6)
  Dowan (D:7)
  A scorpion (D:7)
  A wight (D:7)
  An electric eel (D:6)
  2 crimson imps
  A centaur skeleton (D:4)
  3 hounds
  An orc priest (D:3)
  A jelly (D:5)
  Jessica (D:2)
  Natasha (thrice) (D:2)
  3 orc wizards
  Ijyb (D:4)
  3 iguanas
  5 worker ants
  A hound skeleton (D:5)
  A howler monkey skeleton (D:4)
  4 gnolls (D:3)
  14 adders
  An ooze (D:2)
  An adder zombie (D:5)
  5 worms
  4 dart slugs (D:1)
  A leopard gecko (D:5)
  22 orcs
  2 ball pythons (D:3)
  15 bats
  6 giant cockroaches
  10 goblins
  9 hobgoblins
  4 jackals (D:4)
  8 kobolds
  A quokka (D:5)
  10 frilled lizards
  A jackal skeleton (D:5)
  7 rats
170 creatures vanquished.

Notes
Turn   | Place    | Note
-------+----------+-------------------------------------------
     0 | D:1      | Devinter the Kobold Assassin began the quest for the Orb.
     0 | D:1      | Reached XP level 1. HP: 12/12 MP: 1/1
    83 | D:1      | Reached XP level 2. HP: 9/18 MP: 2/2
   276 | D:1      | Reached skill level 3 in Short Blades
   378 | D:1      | Reached XP level 3. HP: 19/22 MP: 3/3
   443 | D:1      | Reached skill level 2 in Dodging
   983 | D:2      | Noticed Jessica
  1228 | D:2      | Killed Jessica
  1228 | D:2      | Reached XP level 4. HP: 27/27 MP: 4/4
  1262 | D:2      | Reached skill level 3 in Throwing
  1262 | D:2      | Reached skill level 6 in Stealth
  1487 | D:2      | Reached skill level 3 in Fighting
  1504 | D:2      | Reached XP level 5. HP: 18/32 MP: 5/5
  1525 | D:2      | Noticed Natasha
  2365 | D:2      | Reached skill level 4 in Short Blades
  2893 | D:3      | Found a hide-covered altar of Uskayaw.
  2900 | D:3      | Noticed Grinder
  3173 | D:3      | Reached skill level 3 in Dodging
  3276 | D:3      | Reached XP level 6. HP: 37/37 MP: 6/6
  3361 | D:3      | Reached skill level 4 in Throwing
  3656 | D:2      | Killed Natasha
  3656 | D:2      | Reached skill level 5 in Short Blades
  3681 | D:2      | Noticed Natasha
  3813 | D:2      | Killed Natasha
  3825 | D:2      | Noticed Natasha
  3845 | D:2      | Killed Natasha
  4027 | D:3      | Noticed Sigmund
  4191 | D:3      | Upgraded the game from 0.24.0-37-gcf1ca852f1 to
                  | 0.24.0-41-g2ae2f7f1be
  4463 | D:3      | Killed Sigmund
  4463 | D:3      | Reached skill level 5 in Throwing
  4463 | D:3      | Reached XP level 7. HP: 41/41 MP: 7/7
  4894 | D:3      | Killed Grinder
  4894 | D:3      | Reached skill level 6 in Short Blades
  4894 | D:3      | Reached skill level 4 in Dodging
  4894 | D:3      | Reached skill level 1 in Shields
  4894 | D:3      | Reached XP level 8. HP: 48/48 MP: 8/8
  5678 | D:4      | Reached skill level 4 in Fighting
  5678 | D:4      | Reached skill level 5 in Dodging
  5678 | D:4      | Reached skill level 7 in Stealth
  5836 | D:4      | Noticed Ijyb
  5841 | D:4      | Killed Ijyb
  6006 | D:4      | Got a crystal hunting sling
  6007 | D:4      | Identified the cursed +1 hunting sling "Dionil" {venom, rN+
                  | SInv} (You found it on level 4 of the Dungeon)
  6025 | D:5      | Entered Level 5 of the Dungeon
  6308 | D:5      | Reached skill level 7 in Short Blades
  6470 | D:5      | Reached skill level 2 in Shields
  6668 | D:5      | HP: 4/48 [centaur (2)]
  7494 | D:5      | Found a shimmering altar of Xom.
  7540 | D:6      | Reached XP level 9. HP: 52/52 MP: 9/9
  7560 | D:6      | Reached skill level 8 in Short Blades
  7585 | D:6      | Reached skill level 8 in Stealth
  7634 | D:6      | Reached skill level 5 in Fighting
  7803 | D:6      | Reached skill level 3 in Shields
  7906 | D:6      | Noticed a hippogriff
  7907 | D:6      | Found an ornate altar of the Wu Jian Council.
  7907 | D:6      | Found a transporter.
  7913 | D:6      | Found a transporter.
  7946 | D:6      | Found a glowing drain.
  7955 | Sewer    | Entered a sewer
  8751 | D:7      | Noticed a hippogriff
  8755 | D:7      | Noticed a hippogriff
  8798 | D:6      | Killed a hippogriff
  8798 | D:6      | Reached skill level 6 in Dodging
  8798 | D:6      | Reached skill level 9 in Stealth
  9088 | D:7      | Reached skill level 9 in Short Blades
  9212 | D:7      | Noticed Duvessa
  9269 | D:7      | Noticed Dowan
  9283 | D:7      | Killed Duvessa
  9287 | D:7      | Killed Dowan
  9296 | D:7      | HP: 5/54 [wight/+3 trident (2)]
  9296 | D:7      | Slain by a wight

Levels and vault maps discovered:
D:1:      dpeg_arrival_three_bigger_balls, layout_basic, serial_forest,
          infiniplex_forest_straight_2, infiniplex_forest_lined_2,
          infiniplex_forest_straight_3, infiniplex_forest_clump_C,
          infiniplex_forest_end_1, infiniplex_forest_straight_4, st_stairs_3
D:2:      layout_rooms, serial_bayou, serial_bayou_pond_c, serial_bayou_ford_a,
          serial_bayou_crossing, serial_bayou_lagoon_b, serial_bayou_pond_c,
          serial_bayou_pond_a, minmay_hexomino_p4, uniq_jessica, uniq_natasha
D:3:      layout_loops_ring, first_ration, lemuel_altar_in_water, uniq_sigmund,
          uniq_grinder
D:4:      layout_loops_ring, uniq_ijyb
D:5:      layout_loops_cross, kennysheep_mini
D:6:      layout_basic, gammafunk_temple_overflow_arena,
          cheibrodos_sewer_entry_bend, kennysheep_pointless_box, st_stairs_4
D:7:      layout_rooms, minmay_temple_entry_drinking_statues, uniq_duvessa,
          uniq_prince_ribbit1

Skill      XL: |  1  2  3  4  5  6  7  8  9 |
---------------+----------------------------+-----
Short Blades   | 3 4 5 6 7 9 |  9.2
Dodging        | 2 3 4 5 6 |  6.4
Throwing       | 3 5 |  5.0
Stealth        | 6 7 9 |  9.4
Fighting       | 3 4 5 |  5.0
Shields        | 1 2 3 |  3.8

Action                   |  1- 3 |  4- 6 |  7- 9 || total
-------------------------+-------+-------+-------++-------
Melee: Dagger            |   123 |   311 |   515 ||   949
Throw: Dart              |       |       |    87 ||    87
 Abil: Evoke Berserk Rag |       |     1 |     6 ||     7
  Use: Scroll            |     1 |     1 |     4 ||     6
 Stab: Sleeping          |     4 |    13 |    15 ||    32
       Distracted        |       |       |     1 ||     1
  Eat: Chunk             |     7 |    10 |    22 ||    39
Armor: Robe              |    21 |    33 |    31 ||    85
Dodge: Dodged            |    76 |   189 |   282 ||   547
Block: Buckler           |       |     2 |    98 ||   100
